 Dungeon Crawl Stone Soup version 0.23-a0-619-g281719c (webtiles) character file.

476 Lavandula the Cutter (level 7, -3/41 HPs)
             Began as a Halfling Enchanter on Dec 22, 2018.
             Was an Initiate of Cheibriados.
             Slain by Menkaure (19 damage)
             ... on level 4 of the Dungeon.
             The game lasted 00:08:22 (1756 turns).

Lavandula the Cutter (Halfling Enchanter)           Turns: 1756, Time: 00:08:23

Health: -3/41      AC:  4    Str: 10    XL:     7   Next: 33%
Magic:  4/11       EV: 15    Int: 16    God:    Cheibriados [......]
Gold:   180        SH:  0    Dex: 16    Spells: 3/12 levels left

rFire    . . .     SeeInvis .   g - +0 dagger (venom)
rCold    . . .     Gourm    .   (shield restricted)
rNeg     . . .     Faith    .   b - +0 robe
rPois    .         Spirit   .   l - +0 helmet
rElec    .         Reflect  .   (no cloak)
rCorr    .         Harm     .   j - +0 pair of gloves
MR       +....                  (no boots)
Stlth    ++........             (no amulet)
HPRegen  0.13/turn              k - ring of protection from magic
MPRegen  0.12/turn              (no ring)

@: flying, very slightly contaminated, slow
A: small, mutation resistance 1
a: Bend Time, Renounce Religion


You were on level 4 of the Dungeon.
You worshipped Cheibriados.
Cheibriados was noncommittal.
You were near starving.

You visited 2 branches of the dungeon, and saw 7 of its levels.

You collected 180 gold pieces.

Inventory:

Hand Weapons
 a - a +1 dagger
 f - a +2 short sword of draining
 g - a +0 dagger of venom (weapon)
 h - a +0 hunting sling
Armour
 b - a +0 robe (worn)
 j - a +0 pair of gloves (worn)
 l - a +0 helmet (worn)
Jewellery
 k - a ring of protection from magic (left hand)
Wands
 o - a wand of acid (11)
Scrolls
 c - a scroll of remove curse
 i - 6 scrolls of identify {unknown}
Potions
 e - a potion of agility
Comestibles
 d - 6 rations


   Skills:
 - Level 7.1 Short Blades
 - Level 2.1 Dodging
 - Level 3.2 Stealth
 - Level 3.0 Spellcasting
 + Level 3.0 Hexes


You had 3 spell levels left.
You knew the following spells:

 Your Spells              Type           Power        Failure   Level  Hunger
a - Corona                Hex            ##.....      5%          1    #......
b - Ensorcelled Hibernat  Hex/Ice        #.....       16%         2    ##.....
c - Dazzling Spray        Conj/Hex       #.....       30%         3    ###....
d - Confuse               Hex            ##......     16%         3    ###....

Your spell library contained the following spells:

 Spells                   Type           Power        Failure   Level  Hunger
 Tukima's Dance           Hex            ##......     16%         3    ###....


Dungeon Overview and Level Annotations

Branches:
Dungeon (6/15)             Temple (1/1) D:5

Altars:
Ashenzari
Cheibriados
Dithmenos
Elyvilon
Gozag
Kikubaaqudgha
Makhleb
Nemelex Xobeh
Okawaru
Uskayaw
Xom
Yredelemnul
Zin

Shops:
D:4 [

Annotations:
D:4 Eustachio, Menkaure


Innate Abilities, Weirdness & Mutations

You are small and have problems with some larger weapons.
You are somewhat resistant to further mutation.


Message History

The orc is heavily wounded.
The orc is dazzled.
The spray of energy hits the orc.
The orc is moderately wounded.
The orc is dazzled.
The spray of energy hits Menkaure.
Menkaure is lightly damaged.
You are near starving!
Menkaure hits you! The orc misses you. x2
Unknown command.
You strike the helpless orc from behind!
You impale the orc!!
You kill the orc!
Cheibriados appreciates the change of pace.
Menkaure barely misses you.
You hit the orc but do no damage.
The orc is poisoned.
The orc is moderately wounded.
The orc misses you.
You barely miss the orc.
The orc is moderately wounded.
The orc completely misses you. Menkaure hits you!!
You die...

,,,,,,,.......o...##..#**#.#.....
,,,,,,,.....###...#*,..##.,......
,,,,,,,$...#* ##..##*,...,.......
**,,.....$.** ##o.##...,........
##**........####.......h.,,,.....
.#*#...........#.o.......,,,.....
.##...........§oao......#,,,...@.
..#.........##§o###.....#,,,.....
............*##o@#*...#..*,,...(.
............###M#######..#*....a.
.............#§§...# *#.##.....,
....#..>...........#####.......#*
...##...............#.........#*
........................M.....##
..##†........................!.#
..............................#*
................÷..........(..#


You could see Menkaure and 3 orcs.

Vanquished Creatures
  2 ogres (D:5)
  A scorpion (D:5)
  A crimson imp (D:5)
  2 hounds
  Ijyb (D:5)
  A worker ant (D:4)
  A hound zombie (D:5)
  A hound skeleton (D:5)
  4 adders
  An ooze (D:4)
  2 worms (D:3)
  3 leopard geckos
  5 orcs
  A giant cockroach (D:2)
  A goblin (D:2)
  3 hobgoblins
  3 jackals (D:3)
  2 ball pythons
  2 bats
  4 frilled lizards
  3 kobolds
  4 rats
48 creatures vanquished.

Notes
Turn   | Place    | Note
-------+----------+-------------------------------------------
     0 | D:1      | Lavandula the Halfling Enchanter began the quest for the
                  | Orb.
     0 | D:1      | Reached XP level 1. HP: 11/11 MP: 3/3
    82 | D:2      | Reached skill level 2 in Short Blades
    91 | D:2      | Reached XP level 2. HP: 13/17 MP: 4/4
    96 | D:2      | Reached skill level 3 in Short Blades
   107 | D:2      | Learned a level 2 spell: Ensorcelled Hibernation
   169 | D:2      | Reached XP level 3. HP: 21/21 MP: 2/5
   205 | D:2      | Noticed a +0 dagger
   206 | D:2      | Noticed a +0 dagger
   216 | D:2      | Found a hide-covered altar of Uskayaw.
   559 | D:4      | Noticed Eustachio
   574 | D:3      | Reached XP level 4. HP: 17/27 MP: 3/7
   592 | D:3      | Learned a level 3 spell: Dazzling Spray
   707 | D:2      | Reached skill level 4 in Short Blades
   717 | D:3      | Found a faded altar of an unknown god.
   777 | D:4      | Noticed Menkaure
   818 | D:4      | Reached XP level 5. HP: 6/31 MP: 6/8
   983 | D:4      | Found an opulent altar of Gozag.
  1059 | D:4      | Learned a level 3 spell: Confuse
  1235 | D:5      | Entered Level 5 of the Dungeon
  1320 | D:6      | Noticed an ice beast
  1346 | D:5      | Noticed Ijyb
  1359 | D:5      | Killed Ijyb
  1359 | D:5      | Reached skill level 5 in Short Blades
  1359 | D:5      | Reached XP level 6. HP: 28/36 MP: 0/10
  1440 | D:5      | Found a staircase to the Ecumenical Temple.
  1450 | D:5      | Noticed an ogre
  1460 | D:5      | Killed an ogre
  1460 | D:5      | Reached skill level 6 in Short Blades
  1475 | Temple   | Entered the Ecumenical Temple
  1580 | Temple   | Became a worshipper of Cheibriados the Contemplative
  1615 | D:5      | Found a shattered altar of Ashenzari.
  1643 | D:5      | Noticed an ogre
  1648 | D:5      | Killed an ogre
  1648 | D:5      | Reached skill level 7 in Short Blades
  1648 | D:5      | Reached XP level 7. HP: 41/41 MP: 6/11
  1711 | D:4      | Noticed a hungry ghost
  1715 | D:4      | Found Beneyxav's Antique Armour Shop.
  1750 | D:4      | HP: 1/41 [orc/+0 flail (8)]
  1756 | D:4      | Slain by Menkaure

Vault maps used:
D:1:      dpeg_arrival_connections
D:2:      dancing_weapons_uskayaw
D:3:      chequers_ecumenical_altar_island
D:4:      kennysheep_mini, minitemple, serial_shops,
          nicolae_shop_overgrown_old_shop, ebering_ghost_inner_flame,
          minmay_between, uniq_menkaure, uniq_eustachio
D:5:      minmay_angry_zag, minmay_temple_entry_butterflies, first_ration,
          ashenzari_altar_1, uniq_ijyb
D:6:      lemuel_ratsnest, nicolae_qazlal_eye_of_the_storm, uniq_sigmund,
          uniq_edmund
Temple:   compressed_dpeg_circular_temple

Skill      XL: |  1  2  3  4  5  6  7 |
---------------+----------------------+-----
Short Blades   | 2 3 4 5 7 |  7.1
Spellcasting   | 2 3 |  3.0
Hexes          | 3 |  3.0
Dodging        | |  2.1
Stealth        | |  3.2

Action                   |  1- 3 |  4- 6 |  7- 9 || total
-------------------------+-------+-------+-------++-------
Melee: Dagger            |    32 |       |    38 ||    70
       Short sword       |    24 |    71 |     4 ||    99
 Cast: Corona            |     1 |       |       ||     1
       Ensorcelled Hiber |     3 |    15 |       ||    18
       Confuse           |       |     1 |       ||     1
       Dazzling Spray    |       |       |     2 ||     2
  Use: Potion            |       |     1 |     3 ||     4
       Scroll            |       |       |     3 ||     3
 Stab: Sleeping          |     7 |    11 |       ||    18
       Invisible         |       |       |     1 ||     1
  Eat: Chunk             |       |     3 |       ||     3
Armor: Robe              |     7 |    11 |     5 ||    23
Dodge: Dodged            |    38 |    39 |    29 ||   106

Table legend:
 A = Non-vault XP
 B = Vault XP
 C = Vault XP percentage of total XP
 D = Non-vault monster count
 E = Vault monster count
 F = Vault count percentage of total count
                 A         B        C        D         E       F
            +---------+---------+-------+---------+---------+-------
      Total |     645 |      36 |   5.3 |      47 |       1 |   2.1
            +---------+---------+-------+---------+---------+-------
        D:1 |       4 |       0 |   0.0 |       4 |       0 |   0.0
        D:2 |      54 |       0 |   0.0 |      10 |       0 |   0.0
        D:3 |      76 |       0 |   0.0 |      16 |       0 |   0.0
        D:4 |     115 |       0 |   0.0 |      11 |       0 |   0.0
        D:5 |     396 |      36 |   8.3 |       6 |       1 |  14.3
            +---------+---------+-------+---------+---------+-------
